 Dungeon Crawl Stone Soup version 0.28.0-45-g0d030f2227 (webtiles) character file.

Game seed: 8596564191112910864

90 101zpm the Covered (level 4, 0/29 HPs)
             Began as a Gargoyle Fighter on Apr 8, 2022.
             Killed by divine providence
             ... invoked by an orc priest
              (13 damage)
             ... on level 3 of the Dungeon.
             The game lasted 00:02:20 (1736 turns).

101zpm the Covered (Gargoyle Fighter)               Turns: 1736, Time: 00:02:21

Health: 0/29       AC: 10    Str: 21    XL:     4   Next: 56%
Magic:  4/4        EV:  9    Int:  9    God:
Gold:   111        SH:  4    Dex:  9    Spells: 3/3 levels left

rFire   . . .      SeeInvis .   l - +1 whip (venom)
rCold   . . .      Faith    .   c - +0 buckler
rNeg    + . .      Spirit   .   b - +0 scale mail
rPois   ∞          Reflect  .   (no helmet)
rElec   +          Harm     .   (no cloak)
rCorr   .          Rampage  .   (no gloves)
Will    .....                   (no boots)
Stlth   ..........              (no amulet)
HPRegen 0.09/turn               f - ring of flight
MPRegen 0.09/turn               (no ring)

@: flying
A: sickness immunity, AC +3, negative energy resistance 1, electricity
resistance, torment resistance 1, petrification resistance
a: no special abilities


You were on level 3 of the Dungeon.
You visited 1 branch of the dungeon, and saw 3 of its levels.

You collected 111 gold pieces.

Inventory:

Hand Weapons
 a - a +0 flail
 l - a +1 whip of venom (weapon)
Armour
 b - a +0 scale mail (worn)
 c - a +0 buckler (worn)
Jewellery
 f - a ring of flight (left hand)
 k - a ring of ice
Wands
 i - a wand of polymorph (6)
Scrolls
 j - a scroll of brand weapon {unknown}
 m - a scroll of enchant armour {unknown}
Potions
 d - a potion of might
 e - a potion of brilliance {unknown}
 g - a potion of flight {unknown}
 h - a potion of mutation {unknown}


   Skills:
 + Level 3.7 Fighting
 + Level 2.8 Maces & Flails
 + Level 4.1 Armour
 + Level 0.5 Dodging
 + Level 3.9 Shields


You had 3 spell levels left.
You didn't know any spells.
Your spell library contained the following spells:

 Spells                   Type           Power      Damage    Failure   Level
 Conjure Ball Lightning   Conj/Air       0%         3x3d6     100%        6
 Discord                  Hex            0%         N/A       100%        8
 Disjunction              Tloc           0%         N/A       100%        8


Dungeon Overview and Level Annotations

Branches:
Dungeon (3/15)

Altars:
Kikubaaqudgha


Innate Abilities, Weirdness & Mutations

You are immune to sickness and miasma.
Your stone body is resilient. (AC +3)
You are immune to poison.
You resist negative energy. (rN+)
You are resistant to electric shocks. (rElec)
You are resistant to unholy torment.
You are immune to petrification.


Message History

An orc comes into view. It is wielding a +0 club.
The orc shouts!
The orc priest hits you but does no damage.
You hit the orc priest but do no damage.
The orc priest is poisoned.
The orc priest hits you but does no damage.
You hit the orc priest.
The orc priest looks as sick as possible!
The orc priest is lightly wounded.
The orc priest barely misses you. The orc hits you but does no damage.
You hit the orc priest but do no damage.
The orc priest looks as sick as possible!
The orc priest is moderately wounded.
An orc comes into view. It is wielding a +0 whip.
The orc priest barely misses you.
You closely miss the orc priest.
The orc priest is moderately wounded.
The orc shouts!
The orc priest hits you with a +2 short sword of electrocution.
You closely miss the orc priest.
The orc priest is heavily wounded.
The orc priest hits you with a +2 short sword of electrocution.
The orc misses you.
You are too injured to fight recklessly!
You are too injured to fight recklessly!
You are too injured to fight recklessly!
You are too injured to fight recklessly!
You are too injured to fight recklessly!
You are too injured to fight recklessly!
You are too injured to fight recklessly!
You are too injured to fight recklessly!
You are too injured to fight recklessly!
You are too injured to fight recklessly!
You are too injured to fight recklessly!
You are too injured to fight recklessly!
You are too injured to fight recklessly!
You are too injured to fight recklessly!
The orc priest mumbles some strange prayers to Beogh against you.
Beogh smites you!
You die...

.. ###..###.........# #.. ..
#..##.##........############ ...
###..#.#...................#
#..##.##.....+#####............#
....#.#...###.# #............#
###...........# #.........)..#
......##..##### #............##
#####)##..###################....
...>............@.oo.o.........##
###.#.###.##.#####o........##..#<
#..............+o........+.....
############'#####.........##....
#...)......>...# .........###..#
...###.........# .........# ##.#
...##.P...###..# .........# #..
...#......#.#..# .........# ##.
...#P.......#.## ......... #.


You could see an orc priest (extremely poisoned) and 3 orcs.

Vanquished Creatures
  Jessica (D:3)
  An adder (D:2)
  A worm (D:3)
  2 dart slugs (D:3)
  6 orcs
  2 ball pythons (D:2)
  5 endoplasms
  5 goblins
  3 hobgoblins
  3 jackals (D:1)
  A quokka (D:2)
  3 bats
  3 frilled lizards (D:3)
  2 kobolds
  2 rats (D:2)
40 creatures vanquished.

Vanquished Creatures (others)
  13 withered plants (D:3)
13 creatures vanquished.

Grand Total: 53 creatures vanquished

Notes
Turn   | Place    | Note
-------+----------+-------------------------------------------
     0 | D:1      | 101zpm the Gargoyle Fighter began the quest for the Orb.
     0 | D:1      | Reached XP level 1. HP: 14/14 MP: 1/1
   178 | D:1      | Reached XP level 2. HP: 19/19 MP: 2/2
   521 | D:2      | Reached XP level 3. HP: 17/23 MP: 3/3
   800 | D:3      | Noticed Jessica
   808 | D:3      | Killed Jessica
   809 | D:3      | Reached skill level 4 in Armour
   809 | D:3      | Reached XP level 4. HP: 29/29 MP: 4/4
   829 | D:3      | Found an ancient bone altar of Kikubaaqudgha.
  1736 | D:3      | Killed from afar by an orc priest

Illustrated notes

Levels and vault maps discovered:
D:1:      evilmike_arrival_plus, layout_loops_ring,
          shapermc_ecumenical_altar_petra
D:2:      layout_basic
D:3:      layout_basic, kiku_gazebo_garden_becter, minmay_between, uniq_jessica

Skill      XL: |  1  2  3 |
---------------+----------+-----
Armour         | 4 |  4.1
Fighting       | |  3.7
Maces & Flails | |  2.8
Dodging        | |  0.5
Shields        | |  3.9

Action                   |  1- 3 |  4- 6 || total
-------------------------+-------+-------++-------
Melee: Flail             |    66 |    22 ||    88
       Whip              |       |    44 ||    44
Armor: Scale mail        |    49 |    21 ||    70
Dodge: Dodged            |    35 |    17 ||    52
Block: Buckler           |    17 |    10 ||    27
